 Dungeon Crawl Stone Soup version 0.16.2-12-gd0ad4c3 (webtiles) character file.

326 strawman the Ducker (level 6, -5/42 HPs)
             Began as an Octopode Monk on Oct 13, 2015.
             Killed by nerve-wracking pain
             ... invoked by CrazyArbalest's ghost
              (13 damage)
             ... on level 4 of the Dungeon on Oct 14, 2015.
             The game lasted 00:16:39 (4259 turns).

strawman the Ducker (Octopode Monk)                 Turns: 4259, Time: 00:16:40

Health: -5/42      AC:  1    Str: 10    XL:     6   Next: 49%
Magic:  6/6        EV: 15    Int: 17    God:
Gold:   154        SH:  0    Dex: 16    Spells: 0 memorised, 5 levels left

rFire  . . .     SeeInvis .     r - +12 mace "Kidotoq" {flame, Int+4}
rCold  + . .     Clarity  .     (no shield)
rNeg   . . .     SustAb   .     (helmet restricted)
rPois  .         Gourm    .     (no amulet)
rElec  .         Spirit   .     j - ring of protection from cold
rCorr  .         Warding  .     (no ring)
rMut   .         Stasis   .     (no ring)
MR     .....                    (no ring)
Stlth  ++++......               (no ring)
                                (no ring)
                                (no ring)
                                (no ring)

@: not resistant to hostile enchantments, stealthy
A: almost no armour, amphibious, 8 rings, constrict 8, camouflage 1, gelatinous
body 1
a: no special abilities


You were on level 4 of the Dungeon.
You were not hungry.

You visited 1 branch of the dungeon, and saw 4 of its levels.

You collected 154 gold pieces.

Inventory:

Hand weapons
 n - a +1 dagger of venom
 r - the +12 mace "Kidotoq" (weapon) {flame, Int+4}
   (You found it on level 4 of the Dungeon)

   It has been specially enchanted to burn those struck by it, causing extra
   injury to most foes and up to half again as much damage against particularly
   susceptible opponents.
   It affects your intelligence (+4).
Jewellery
 j - a ring of protection from cold (left tentacle)
Scrolls
 a - 3 scrolls of teleportation
 c - 2 scrolls of identify
Potions
 e - a potion of agility {unknown}
 h - 2 potions of curing {unknown}
 i - a potion of cure mutation {unknown}
 k - a potion of restore abilities {unknown}
 l - a potion of invisibility {unknown}
 m - a potion of might {unknown}
Books
 p - a book of Air

   Spells                             Type                      Level
   a - Shock                          Conjuration/Air              1
   b - Swiftness                      Charms/Air                   2
   c - Repel Missiles                 Charms/Air                   2
   d - Flight                         Charms/Air                   3
   e - Static Discharge               Conjuration/Air              3
   f - Lightning Bolt                 Conjuration/Air              5
Comestibles
 b - a slice of pizza
 d - a beef jerky
 f - a meat ration
 o - 2 bread rations


   Skills:
 - Level 3.0 Fighting
 * Level 4.0 Short Blades
 + Level 4.8 Dodging
 + Level 4.7 Stealth
 - Level 4.0 Unarmed Combat


You had 5 spell levels left.
You didn't know any spells.

Dungeon Overview and Level Annotations

Branches:
Dungeon (4/15)
 Temple: D:4-7

Altars:
Gozag
Okawaru
Trog

Annotations:
D:3 dearth's ghost, average MiFi
D:4 CrazyArbalest's ghost, average DENe


Innate Abilities, Weirdness & Mutations

You cannot wear most types of armour.
You are amphibious.
You can wear up to eight rings at the same time.
You can use your tentacles to constrict many enemies at once.
Your skin changes colour to match your surroundings (Stealth).
Your rubbery body absorbs attacks (AC +1).


Message History

You sock CrazyArbalest's ghost! You burn CrazyArbalest's ghost.
CrazyArbalest's ghost is moderately damaged.
CrazyArbalest's ghost is infused with unholy energy.
CrazyArbalest's ghost draws life force from you and is healed!
CrazyArbalest's ghost barely misses you.
The bat skeleton misses you.
You closely miss the bat skeleton. Your grab misses the bat skeleton.
You tentacle-slap the bat skeleton. The bat skeleton hits you.
The bat skeleton hits you but does no damage.
The bat skeleton completely misses you. CrazyArbalest's ghost misses you.
The bat skeleton closely misses you.
You hit the bat skeleton. You burn the bat skeleton. You grab the bat skeleton.
You constrict the bat skeleton.
You destroy the bat skeleton!
CrazyArbalest's ghost hits you.
You are electrocuted!
* * * LOW HITPOINT WARNING * * *
Found 2 lumpy brown potions.
CrazyArbalest's ghost points at you and mumbles some strange words.
Pain shoots through your body!
You die...

#.# #.# #.# #.. ###
########+#########
........@.W......#
..!...?...######.#####
.........# #..W..# ##
.........# #####W# #.
.........##########.#
#.
........#..........#
#.
.......#.........W###.
####### ........#..'.
........#.##.


You could see CrazyArbalest's ghost.

Vanquished Creatures
  An orc priest (D:4)
  An iguana (D:4)
  2 orc wizards
  Ijyb (D:3)
  6 adders
  3 giant mites
  4 worms
  An ooze (D:1)
  7 orcs
  8 bats
  A bat skeleton (D:4)
  3 giant cockroaches (D:3)
  9 hobgoblins
  6 jackals
  9 kobolds
  A quokka (D:4)
  5 giant geckos
  12 giant newts
  13 goblins
  6 rats
99 creatures vanquished.

Notes
Turn   | Place    | Note
--------------------------------------------------------------
     0 | D:1      | strawman, the Octopode Monk, began the quest for the Orb.
     0 | D:1      | Reached XP level 1. HP: 16/16 MP: 1/1
   233 | D:1      | Reached XP level 2. HP: 21/21 MP: 2/2
   662 | D:1      | Reached XP level 3. HP: 26/26 MP: 3/3
   922 | D:2      | Reached skill level 1 in Short Blades
  1030 | D:2      | Found a bloodstained altar of Trog.
  1163 | D:2      | Reached XP level 4. HP: 31/31 MP: 4/4
  2241 | D:3      | Noticed dearth's ghost (average MiFi)
  2278 | D:3      | Noticed Ijyb
  2330 | D:3      | Killed Ijyb
  2330 | D:3      | Reached XP level 5. HP: 20/36 MP: 5/5
  2457 | D:3      | Found an iron altar of Okawaru.
  2460 | D:3      | Found an opulent altar of Gozag.
  3519 | D:4      | Reached XP level 6. HP: 31/42 MP: 6/6
  3709 | D:4      | Noticed CrazyArbalest's ghost (average DENe)
  3710 | D:4      | Got a smoking mace
  3769 | D:3      | Identified the +12 mace "Kidotoq" {flame, Int+4} (You found it on level 4 of the Dungeon)
  4259 | D:4      | Killed from afar by CrazyArbalest's ghost

Action                   |  1- 3 |  4- 6 || total
-------------------------+-------+-------++-------
Melee: Unarmed           |    36 |       ||    36
       Dagger            |    35 |   139 ||   174
       Mace              |       |    23 ||    23
  Use: Scroll            |     1 |     5 ||     6
 Stab: Sleeping          |    13 |     8 ||    21
       Distracted        |       |     2 ||     2
  Eat: Bread ration      |     1 |     1 ||     2
       Royal jelly       |       |     1 ||     1
